 Dungeon Crawl Stone Soup version 0.26-a0-812-g31a745ddcd (webtiles) character file.

Game seed: 685823481471813884

32182 tognito the Executioner (level 13, -4/99 HPs)
             Began as a Minotaur Berserker on Nov 24, 2020.
             Was a High Priest of Trog.
             Slain by a vault guard
             ... wielding a +0 halberd
              (14 damage)
             ... on level 14 of the Dungeon.
             The game lasted 00:35:05 (15282 turns).

tognito the Executioner (Minotaur Berserker)       Turns: 15282, Time: 00:35:06

Health: -4/99      AC: 13    Str: 33    XL:     13   Next: 30%
Magic:  12/12      EV: 11    Int:  4    God:    Trog [*****.]
Gold:   1045       SH:  0    Dex: 14    Spells: 12/12 levels left

rFire    + . .     SeeInvis .   G - +4 battleaxe (vorpal)
rCold    . . .     Faith    .   (shield currently unavailable)
rNeg     . . .     Spirit   .   s - +0 plate armour
rPois    .         Reflect  .   v - +2 hat
rElec    .         Harm     .   j - +2 cloak
rCorr    .         Rampage  .   k - +2 pair of gloves
MR       .....                  (no boots)
Stlth    ..........             m - amulet of the acrobat
HPRegen  0.26/turn              r - ring of protection from fire
MPRegen  0.13/turn              E - +6 ring of strength

@: corroded, berserk cooldown, slowed, very slow
A: retaliatory headbutt, horns 2, repulsion field 1, agile 1, blurry vision 1,
strong 1, evolution 1
a: Berserk, Trog's Hand, Brothers in Arms, Renounce Religion


You were on level 14 of the Dungeon.
You worshipped Trog.
Trog was extremely pleased with you.
You visited 1 branch of the dungeon, and saw 14 of its levels.
You also visited: Sewer.

You collected 1045 gold pieces.

Inventory:

Hand Weapons
 a - a +5 battleaxe
 b - a +0 triple crossbow
 G - a +4 vorpal battleaxe (weapon)
Missiles
 o - 117 bolts
 p - 8 javelins
 w - 7 poisoned darts (quivered)
 B - 8 boomerangs
 F - 4 boomerangs of dispersal
Armour
 j - a +2 cloak (worn)
 k - a +2 pair of gloves (worn)
 s - a +0 plate armour (worn)
 v - a +2 hat (worn)
Jewellery
 g - a +6 ring of intelligence
 m - an amulet of the acrobat (around neck)
 r - a ring of protection from fire (left hand)
 u - an uncursed ring of resist corrosion
 y - an uncursed ring of ice
 E - a +6 ring of strength (right hand)
Wands
 h - a wand of paralysis (14)
 l - a wand of digging (5)
 t - a wand of flame (28)
 x - a wand of disintegration (9)
 C - a wand of random effects (8)
Scrolls
 c - 6 scrolls of remove curse
 d - 8 scrolls of identify
 e - 8 scrolls of teleportation
 f - 4 scrolls of fog
 z - a scroll of enchant weapon
 A - a scroll of enchant armour
Potions
 i - a potion of heal wounds
 n - a potion of berserk rage
 q - a potion of flight
 D - 2 potions of might


   Skills:
 - Level 4.5 Fighting
 * Level 23.2 Axes
 + Level 7.1 Armour
 + Level 2.9 Dodging


You had 12 spell levels left.
You didn't know any spells.
Your spell library was empty.

Dungeon Overview and Level Annotations

Branches:
Dungeon (14/15)            Temple (0/1) D:6            Lair (0/6) D:10
    Orc (0/2) D:11          Sewer (visited)
 Vaults: D:13-14

Altars:
Ashenzari
Elyvilon
Fedhas
Hepliaklqana
Makhleb
Nemelex Xobeh
Qazlal
Sif Muna
Uskayaw
Vehumet
Wu Jian
Xom
Zin

Shops:
D:5 *

Annotations:
D:13 2 transporters, 1 runed translucent door


Innate Abilities, Weirdness & Mutations

You reflexively headbutt those who attack you in melee.
You have a pair of horns on your head.
You are surrounded by a mild repulsion field. (EV +2)
You are agile. (Dex +2)
Scrolls take you a little longer to read.
Your muscles are strong. (Str +2)
You evolve.


Message History

The rust devil hits you.
* * * LOW HITPOINT WARNING * * *
The rust devil corrodes you!
The vault guard hits you from afar with a +0 halberd!
* * * LOW HITPOINT WARNING * * *
The redback barely misses you. You furiously retaliate!
You headbutt the redback. The redback closely misses you.
You furiously retaliate!
You headbutt the redback, but do no damage.
The vault guard barely misses you.
You're still recovering from your berserk rage.
You hit the vault guard. Your headbutt misses the vault guard.
The vault guard is lightly wounded.
You slash the rust devil! You slash the redback!
The redback closely misses you. The rust devil hits you.
* * * LOW HITPOINT WARNING * * *
The rust devil corrodes you! The redback bites you.
* * * LOW HITPOINT WARNING * * *
The vault guard hits you with a +0 halberd!
You die...

(e#....# Jp....#
#....# #.).# #
#))#.# ##+#
##.#.# ##...##
##4..#
##.....####pJ.##
##.......##@se.#
............4..#
.....#..#.#.[#.#
#.........(...#
#.###..########
## #.###..# .#
#......# .#
#####.## ..
#...#


You could see a vault guard, an orange demon (summoned), a rust devil
(summoned), a deep elf mage, a redback (summoned) and a jelly.

Vanquished Creatures
  A lich (D:13)
  Gastronok (D:9)
  A yaktaur captain (D:13)
  Harold (D:9)
  The ghost of Gruesome the Geomancer, a journeyman DrEE of Cheibriados (D:13)
  3 boulder beetles
  3 vault guards (D:14)
  A centaur warrior (D:13)
  2 two-headed ogres
  A skeletal warrior (D:13)
  A necromancer (D:13)
  5 deep elf magi
  An oklob plant (D:7)
  3 ugly things
  2 cyclopes
  A gargoyle (D:12)
  4 centaur zombies
  3 centaur skeletons
  Maggie (D:8)
  A redback zombie (D:14)
  3 komodo dragons
  2 trolls
  A wolf spider simulacrum (D:13)
  A shadow (D:13)
  4 vampires
  5 wraiths
  A wyvern (shapeshifter) (D:13)
  6 yaks (D:13)
  Grum (D:8)
  A wyvern (D:9)
  3 steam dragons
  A warg (D:13)
  Purgy (Sewer)
  2 water moccasins
  8 orc warriors
  A sky beast (D:13)
  3 black bears
  6 ogres
  2 wolves (D:8)
  5 centaurs
  2 big kobolds
  A wyvern zombie (D:13)
  5 bullfrogs
  A wyvern skeleton (D:6)
  A hornet simulacrum (D:14)
  3 scorpions
  A water moccasin skeleton (D:12)
  18 killer bees
  13 wights
  2 howler monkeys (D:5)
  4 jellies
  4 bullfrog zombies
  4 orc priests
  2 bullfrog skeletons
  7 hounds
  Crazy Yiuf (D:2)
  4 iguanas
  11 orc wizards
  16 worker ants
  2 hound skeletons
  9 adders
  2 shadow imps
  2 white imps
  An ooze (D:4)
  An adder zombie (D:7)
  2 dart slugs
  9 leopard geckos
  46 orcs
  6 bats
  6 giant cockroaches
  4 goblins
  3 hobgoblins
  6 quokkas
  A ball python (D:4)
  8 frilled lizards (D:2)
  22 kobolds
  A leopard gecko skeleton (D:6)
  A quokka zombie (D:5)
  9 rats
335 creatures vanquished.

Vanquished Creatures (collateral kills)
  2 hydras (D:13)
  A boulder beetle (D:12)
  A two-headed ogre (D:9)
  An orc knight (D:13)
  2 orc priests
  An orc wizard (D:13)
  A worker ant (D:13)
  An adder (D:12)
  A white imp (D:10)
  An orc (D:13)
12 creatures vanquished.

Vanquished Creatures (others)
  9 fungi
  7 plants
16 creatures vanquished.

Grand Total: 363 creatures vanquished

Notes
Turn   | Place    | Note
-------+----------+-------------------------------------------
     0 | D:1      | tognito the Minotaur Berserker began the quest for the Orb.
     0 | D:1      | Reached XP level 1. HP: 19/19 MP: 0/0
   201 | D:1      | Reached skill level 4 in Axes
   201 | D:1      | Reached XP level 2. HP: 20/27 MP: 1/1
  1152 | D:2      | Reached XP level 3. HP: 23/33 MP: 2/2
  1162 | D:2      | Reached ** piety under Trog
  1637 | D:2      | Found a runed translucent door.
  1638 | D:2      | Noticed Crazy Yiuf
  1646 | D:2      | Killed Crazy Yiuf
  1646 | D:2      | Reached XP level 4. HP: 41/41 MP: 3/3
  1934 | D:3      | Found a sparkling altar of Nemelex Xobeh.
  2542 | D:4      | Reached skill level 5 in Axes
  2888 | D:4      | Reached skill level 6 in Axes
  2888 | D:4      | Reached XP level 5. HP: 47/47 MP: 4/4
  2960 | D:4      | Found a white marble altar of Elyvilon.
  2983 | D:4      | Reached skill level 7 in Axes
  3211 | D:4      | Reached XP level 6. HP: 52/53 MP: 5/5
  3380 | D:4      | Reached skill level 8 in Axes
  3880 | D:5      | Entered Level 5 of the Dungeon
  3961 | D:5      | Found Dieshemp's Assorted Antiques.
  3979 | D:5      | Reached skill level 9 in Axes
  3979 | D:5      | Reached XP level 7. HP: 46/60 MP: 6/6
  4095 | D:5      | Found a glowing drain.
  4109 | Sewer    | Entered a sewer
  4201 | Sewer    | Reached *** piety under Trog
  4232 | Sewer    | Noticed Purgy
  4241 | Sewer    | Killed Purgy
  4298 | D:5      | Found a radiant altar of Vehumet.
  4299 | D:5      | Found a glowing silver altar of Zin.
  4329 | D:5      | Reached skill level 10 in Axes
  4375 | D:5      | Found a hazy altar of Hepliaklqana.
  4450 | D:5      | Found a broken altar of Ashenzari.
  4801 | D:5      | Reached XP level 8. HP: 38/67 MP: 7/7
  4802 | D:5      | Reached skill level 11 in Axes
  5619 | D:6      | Reached skill level 12 in Axes
  5621 | D:6      | Gained mutation: You are frail. (-10% HP) [potion of
                  | mutation]
  5621 | D:6      | Gained mutation: You evolve. [potion of mutation]
  5633 | D:6      | Found a staircase to the Ecumenical Temple.
  5915 | D:6      | Reached skill level 13 in Axes
  5990 | D:6      | Gained mutation: Scrolls take you a little longer to read.
                  | [evolution]
  6345 | D:7      | Reached XP level 9. HP: 25/64 MP: 8/8
  6348 | D:7      | Reached **** piety under Trog
  6909 | D:7      | Found a burning altar of Makhleb.
  7117 | D:7      | Found a blossoming altar of Fedhas.
  7129 | D:7      | Noticed an oklob plant
  7157 | D:7      | Killed an oklob plant
  7157 | D:7      | Reached skill level 14 in Axes
  7228 | D:8      | Noticed Grum
  7244 | D:8      | Killed Grum
  7244 | D:8      | Reached skill level 15 in Axes
  8027 | D:8      | Gained mutation: You are surrounded by a mild repulsion
                  | field. (EV +2) [evolution]
  8251 | D:8      | Noticed Maggie
  8261 | D:8      | Killed Maggie
  8463 | D:9      | Noticed Gastronok
  8482 | D:9      | Killed Gastronok
  8482 | D:9      | Reached skill level 17 in Axes
  8482 | D:9      | Reached XP level 10. HP: 43/72 MP: 9/9
  8580 | D:9      | Gained mutation: You are agile. (Dex +2) [evolution]
  8890 | D:9      | Noticed a two-headed ogre
  8897 | D:9      | Killed a two-headed ogre
  8991 | D:9      | Found a shimmering altar of Xom.
  8991 | D:9      | Noticed a deep elf mage
  9010 | D:9      | Killed a deep elf mage
  9306 | D:9      | Reached skill level 18 in Axes
  9310 | D:9      | Noticed a two-headed ogre
  9320 | D:9      | Killed a two-headed ogre
  9515 | D:9      | Noticed Harold
  9531 | D:9      | Killed Harold
  9531 | D:9      | Reached XP level 11. HP: 76/76 MP: 10/10
  9844 | D:9      | Lost mutation: You are frail. (-10% HP) [evolution]
 10079 | D:9      | Found a stormy altar of Qazlal.
 10216 | D:10     | Entered Level 10 of the Dungeon
 10329 | D:10     | Reached ***** piety under Trog
 10354 | D:10     | Noticed a two-headed ogre
 10362 | D:10     | Killed a two-headed ogre
 10362 | D:10     | Reached skill level 19 in Axes
 10716 | D:10     | Found a shimmering blue altar of Sif Muna.
 10745 | D:10     | Found an ornate altar of the Wu Jian Council.
 11072 | D:10     | Found a staircase to the Lair.
 11953 | D:11     | You fall into a shaft and drop 1 floor!
 12253 | D:11     | Found a staircase to the Orcish Mines.
 12307 | D:11     | Found a hide-covered altar of Uskayaw.
 12515 | D:11     | Noticed a cyan ugly thing
 12530 | D:11     | Killed a cyan ugly thing
 12777 | D:12     | Noticed a boulder beetle
 12805 | D:12     | Killed a boulder beetle
 12805 | D:12     | Reached skill level 20 in Axes
 13111 | D:12     | Noticed a boulder beetle
 13123 | D:12     | Killed a boulder beetle
 13358 | D:12     | Noticed a purple ugly thing
 13360 | D:12     | Noticed a boulder beetle
 13367 | D:12     | Killed a purple ugly thing
 13368 | D:12     | Killed a boulder beetle
 13706 | D:13     | Reached XP level 12. HP: 91/92 MP: 11/11
 13797 | D:13     | Noticed Gruesome's ghost (journeyman DrEE)
 13798 | D:13     | Noticed a yaktaur captain
 13799 | D:13     | Noticed a centaur warrior
 13800 | D:13     | Noticed a lich
 13811 | D:13     | Noticed an ogre mage
 13814 | D:13     | Noticed an eight-headed hydra
 13837 | D:13     | Found a transporter.
 13838 | D:13     | Noticed a boulder beetle
 13891 | D:13     | Found a transporter.
 13896 | D:13     | Noticed an ettin
 13902 | D:13     | Noticed a two-headed ogre
 13908 | D:13     | Reached skill level 21 in Axes
 13989 | D:13     | Noticed a five-headed hydra
 13989 | D:13     | Noticed a five-headed hydra
 13996 | D:13     | Killed a five-headed hydra
 13998 | D:13     | Killed a five-headed hydra
 14539 | D:13     | Reached skill level 5 in Armour
 14674 | D:13     | Found a runed translucent door.
 14695 | D:13     | Found a runed translucent door.
 14716 | D:13     | Killed a yaktaur captain
 14723 | D:13     | Killed a centaur warrior
 14723 | D:13     | Reached skill level 22 in Axes
 14734 | D:13     | Killed Gruesome's ghost
 14737 | D:13     | Killed a lich
 14760 | D:13     | Reached XP level 13. HP: 81/99 MP: 12/12
 14799 | D:13     | Gained mutation: Your muscles are strong. (Str +2)
                  | [evolution]
 15258 | D:14     | Received a gift from Trog
 15262 | D:14     | Reached skill level 23 in Axes
 15282 | D:14     | Slain by a vault guard

Illustrated notes

Levels and vault maps discovered:
D:1:      wander_arrival_lonely_grave, layout_basic
D:2:      layout_basic, serial_aquarium, aquarium_bridge_long_separate
          [aquarium_subvault_window, aquarium_subvault_bridge,
          aquarium_subvault_wall, aquarium_subvault_window,
          aquarium_subvault_wall, aquarium_subvault_bridge],
          aquarium_window_corner, aquarium_window_2, aquarium_window_2,
          aquarium_view_2c, aquarium_view_2d, minmay_lizard_pond,
          uniq_crazy_yiuf_cottage
D:3:      layout_loops_ring, kennysheep_big_empty_room,
          nemelex_xobeh_ov_fountains_minmay
D:4:      minmay_general_purpose_star, layout_cave_pools,
          chequers_serial_rivers_marsh, elyvilon_altar_3
D:5:      lemuel_upstairs_altar, layout_basic, old_standard_altar,
          kennysheep_little_box, chequers_temple_overflow_statue_of_worship,
          serial_shops, nicolae_shop_behind_doors, portal_sewer_entry_f
D:6:      kennysheep_steamy, layout_basic, minmay_temple_entry_purple_smoke
D:7:      layout_cave_pools, tgw_fedhas, lemuel_coloured_pillars_altar,
          serial_rivers, chequers_serial_rivers_room_a,
          chequers_serial_rivers_micro_e, chequers_serial_rivers_micro_c,
          chequers_serial_rivers_room_b, chequers_serial_rivers_room_a,
          chequers_serial_rivers_micro_b
D:8:      layout_basic, uniq_grum, uniq_maggie
D:9:      cheibrodos_iron_armory, layout_stronghold, marbit_many_paths,
          david_defended_altar_elf, uniq_gastronok, uniq_harold
D:10:     layout_roguey, david_lair_shrubbed, basic_altar, lemuel_altar_in_water
D:11:     layout_loops_corners, orc_0_dummy, basic_altar
D:12:     layout_cave_pools
D:13:     gammafunk_the_bubble [the_bubble_gammafunk_grid], layout_long_grid,
          muffindrake_ghost_dual_entry
D:14:     layout_loops_cross, lightli_vaults_fourway_checkpoint,
          chequers_decorated_corner

Skill      XL: |  1  2  3  4  5  6  7  8  9 10 11 12 13 |
---------------+----------------------------------------+-----
Axes           | 4 6 7 9 10 13 17 18 20 22 23 | 23.2
Fighting       | 4 |  4.5
Armour         | 3 4 6 7 |  7.1
Dodging        | |  2.9

Action                   |  1- 3 |  4- 6 |  7- 9 | 10-12 | 13-15 || total
-------------------------+-------+-------+-------+-------+-------++-------
Melee: Hand axe          |    59 |     7 |       |       |       ||    66
       Headbutt          |     6 |    18 |    52 |    82 |    10 ||   168
       War axe           |       |    83 |   247 |   120 |       ||   450
       Battleaxe         |       |       |       |   294 |    47 ||   341
 Fire: Triple crossbow   |       |       |       |       |    21 ||    21
Throw: Boomerang         |       |       |    14 |    54 |       ||    68
Invok: Trog's Hand       |     1 |       |       |     6 |       ||     7
       Berserk           |       |     1 |     6 |    11 |     1 ||    19
       Brothers in Arms  |       |       |       |     6 |       ||     6
Evoke: Wand              |       |       |       |     2 |       ||     2
  Use: Potion            |     3 |     1 |     9 |     2 |       ||    15
       Scroll            |       |       |     8 |    15 |       ||    23
 Stab: Distracted        |       |       |       |     1 |       ||     1
Armor: Animal skin       |     4 |       |       |       |       ||     4
       Scale mail        |    22 |    31 |    30 |       |       ||    83
       Chain mail        |       |       |    77 |       |       ||    77
       Plate armour      |       |       |     7 |   214 |    41 ||   262
Dodge: Dodged            |    36 |    48 |   112 |   219 |    47 ||   462

Table legend: (Time is in decaauts)
 A = Elapsed time spent in this place.
 B = Non-inter-level travel time spent in this place.
 C = Inter-level travel time spent in this place.
 D = Time resting spent in this place.
 E = Time spent auto-exploring this place.
 F = Levels seen in this place.
 G = Mean time per level.
                   A        B        C        D        E       F      G
               +--------+--------+--------+--------+--------+-----+--------+
         Total |  15390 |  14713 |    677 |      0 |  12523 |  15 | 1026.0 |
       Dungeon |  15222 |  14545 |    677 |      0 |  12409 |  14 | 1087.3 |
         Sewer |    167 |    167 |      0 |      0 |    114 |   1 |  167.0 |
               +--------+--------+--------+--------+--------+-----+--------+

Top non-repeatable levels by time:
     D:9: 1787 daAuts
     D:4: 1438 daAuts
    D:13: 1369 daAuts
    D:11: 1295 daAuts
    D:10: 1259 daAuts
     D:8: 1234 daAuts
     D:5: 1140 daAuts
     D:2: 1082 daAuts
     D:7: 1045 daAuts
     D:6: 955 daAuts
    D:12: 889 daAuts
     D:1: 871 daAuts
     D:3: 586 daAuts
    D:14: 266 daAuts
   Sewer: 167 daAuts
